 Dungeon Crawl Stone Soup version 0.30-a0-900-g23479c02f2 (webtiles) character file.

Game seed: 2156707675097133698

71 Lobster4 the Digger (level 4, -4/24 HPs)
             Began as a Gargoyle Earth Elementalist on Mar 19, 2023.
             Killed from afar by Ijyb (13 damage)
             ... with a bolt of dispelling energy
             ... on level 3 of the Dungeon.
             The game lasted 00:05:24 (2503 turns).

Lobster4 the Digger (Gargoyle Earth Elementalist)   Turns: 2503, Time: 00:05:24

Health: -4/24      AC:  8    Str: 12    XL:     4   Next: 24%
Magic:  2/7        EV: 12    Int: 17    God:
Gold:   145        SH:  0    Dex: 10    Spells: 1/7 levels left

rFire   . . .      SeeInvis .    g - +0 dagger (flame)
rCold   . . .      Faith    .    (no shield)
rNeg    + . .      Spirit   .    a - +0 robe
rPois   ∞          Reflect  .    (no helmet)
rElec   +          Rampage  .    (no cloak)
rCorr   .                        (no gloves)
Will    .....                    v - +2 pair of boots
Stlth   ++                       (no amulet)
HPRegen 0.24/turn                s - ring of flight
MPRegen 0.10/turn                (no ring)

@: flying
A: sickness immunity, AC +3, negative energy resistance 1, electricity
resistance, torment resistance 1, petrification resistance
a: no special abilities


You were on level 3 of the Dungeon.
You visited 1 branch of the dungeon, and saw 3 of its levels.

You collected 145 gold pieces.

Inventory:

Hand Weapons
 c - a +0 dagger
 g - a +0 dagger of flaming (weapon)
 x - a +0 sling
 A - a +0 dagger of venom
Missiles
 e - 26 stones
Armour
 a - a +0 robe (worn)
 i - a +0 buckler
 u - a +0 ring mail
 v - a +2 pair of boots (worn)
 B - a +0 leather armour
Jewellery
 s - a ring of flight (left hand)
Scrolls
 d - 2 scrolls of brand weapon {unknown}
 h - a scroll of amnesia {unknown}
 j - 3 scrolls of teleportation {unknown}
 l - 4 scrolls of identify {unknown}
 n - a scroll of noise {unknown}
 q - a scroll of enchant armour {unknown}
 r - a scroll of immolation {unknown}
 y - a scroll of magic mapping {unknown}
Potions
 b - a potion of magic
 k - a potion of curing {unknown}
 m - a potion of ambrosia {unknown}
 o - 2 potions of degeneration {unknown}
 p - a potion of brilliance {unknown}
 t - a potion of lignification {unknown}
 w - a potion of heal wounds {unknown}
 z - a potion of flight {unknown}


   Skills:
 + Level 0.9 Fighting
 + Level 0.0 Throwing
 + Level 1.2 Armour
 + Level 1.8 Dodging
 + Level 2.5 Stealth
 + Level 1.0 Shields
 + Level 2.2 Spellcasting
 + Level 0.2 Conjurations
 + Level 1.2 Transmutations
 * Level 4.2 Earth Magic


You had one spell level left.
You knew the following spells:

 Your Spells              Type           Power      Damage    Failure   Level
a - Sandblast             Erth           32%        2d9       3%          1
b - Stone Arrow           Conj/Erth      18%        3d8       22%         3
c - Passwall              Tmut/Erth      9%         N/A       9%          2

Your spell library contained the following spells:

 Spells                   Type           Power      Damage    Failure   Level
 Lesser Beckoning         Tloc           2%         N/A       28%         2
 Ignite Poison            Fire/Tmut/Pois 3%         N/A       43%         3
 Gell's Gravitas          Tloc           1%         N/A       50%         3
 Teleport Other           Tloc           1%         N/A       50%         3
 Petrify                  Tmut/Erth      11%        N/A       52%         4
 Sticky Flame             Conj/Fire      2%         2d3       87%         4
 Ignition                 Fire           0%         3d3       100%        8


Dungeon Overview and Level Annotations

Branches:
Dungeon (3/15)

Altars:

Annotations:
D:3 Ijyb


Innate Abilities, Weirdness & Mutations

You are immune to sickness and miasma.
Your stone body is resilient. (AC +3)
You are immune to poison.
You resist negative energy. (rN+)
You are resistant to electric shocks. (rElec)
You are resistant to unholy torment.
You are immune to petrification.


Message History

Ijyb zaps a wand.
The bolt of dispelling energy hits you!
Ouch! That really hurt!
Casting: Sandblast (safe; 3% risk of failure)
Confirm with . or Enter, or press ? or * to list all spells.
Aiming: Sandblast (safe; 3% risk of failure)
Press: ? - help, Shift-Dir - straight line, f/p - Ijyb
Aim: Ijyb, wielding a +0 dagger, wearing a +0 leather armour and carrying a wand of quicksilver (8) (77% to hit)
The blast of sand misses Ijyb.
Casting: Sandblast (safe; 3% risk of failure)
Confirm with . or Enter, or press ? or * to list all spells.
Aiming: Sandblast (safe; 3% risk of failure)
Press: ? - help, Shift-Dir - straight line, f/p - Ijyb
Aim: Ijyb, wielding a +0 dagger, wearing a +0 leather armour and carrying a wand of quicksilver (8) (77% to hit)
The blast of sand misses Ijyb.
Casting: Sandblast (safe; 3% risk of failure)
Confirm with . or Enter, or press ? or * to list all spells.
Aiming: Sandblast (safe; 3% risk of failure)
Press: ? - help, Shift-Dir - straight line, f/p - Ijyb
Aim: Ijyb, wielding a +0 dagger, wearing a +0 leather armour and carrying a wand of quicksilver (8) (77% to hit)
The blast of sand misses Ijyb.
Ijyb hits you but does no damage. Ijyb misses you.
Casting: Sandblast (safe; 3% risk of failure)
Confirm with . or Enter, or press ? or * to list all spells.
Aiming: Sandblast (safe; 3% risk of failure)
Press: ? - help, Shift-Dir - straight line, f/p - Ijyb
Aim: Ijyb, wielding a +0 dagger, wearing a +0 leather armour and carrying a wand of quicksilver (8) (77% to hit)
The blast of sand hits Ijyb!
Ijyb is moderately wounded.
Ijyb zaps a wand.
The bolt of dispelling energy hits you.
Casting: Sandblast (safe; 3% risk of failure)
Confirm with . or Enter, or press ? or * to list all spells.
Aiming: Sandblast (safe; 3% risk of failure)
Press: ? - help, Shift-Dir - straight line, f/p - Ijyb
Aim: Ijyb, wielding a +0 dagger, wearing a +0 leather armour and carrying a wand of quicksilver (7) (moderately wounded, 77% to hit)
The blast of sand hits Ijyb.
Ijyb is heavily wounded.
Ijyb hits you but does no damage.
Ijyb zaps a wand.
The bolt of dispelling energy hits you!
Ouch! That really hurt!
You die...

.......>##### #######.# #.#
#.# #.# #)# ######.#
..##......##################
....(.....g@................
#..#.....[##################
..........# # ##.######†# #
# #.# # #.# # #.# # #.# #
#.# #


You could see Ijyb.

Vanquished Creatures
  2 adders (D:2)
  2 worms (D:2)
  A dart slug (D:2)
  3 bats
  3 endoplasms
  4 giant cockroaches
  7 goblins
  4 hobgoblins
  3 quokkas
  2 ball pythons
  2 frilled lizards
  5 kobolds
  3 rats
41 creatures vanquished.

Notes
Turn   | Place    | Note
-------+----------+-------------------------------------------
     0 | D:1      | Lobster4 the Gargoyle Earth Elementalist began the quest
                  | for the Orb.
     0 | D:1      | Reached XP level 1. HP: 10/10 MP: 3/3
   224 | D:1      | Reached XP level 2. HP: 11/15 MP: 5/5
   816 | D:1      | Reached skill level 1 in Transmutations
   816 | D:1      | Reached skill level 4 in Earth Magic
  1068 | D:2      | Reached XP level 3. HP: 17/20 MP: 4/6
  1149 | D:2      | Reached skill level 1 in Armour
  1344 | D:2      | Found a faded altar of an unknown god.
  1487 | D:2      | Learned a level 2 spell: Passwall
  1491 | D:2      | Learned a level 3 spell: Stone Arrow
  1501 | D:2      | Reached XP level 4. HP: 24/24 MP: 5/7
  1743 | D:2      | Reached skill level 1 in Shields
  2124 | D:3      | Noticed Ijyb
  2503 | D:3      | Killed from afar by Ijyb

Illustrated notes

Levels and vault maps discovered:
D:1:      sevenhm_arrival_forest_fort_small_4, layout_basic,
          serial_corexii_hall, chequers_hall_statues_corner_a,
          corexii_hall_statues_x, chequers_hall_statues_y,
          corexii_hall_statues_i, minmay_tetromino_t2
D:2:      layout_basic, shapermc_ecumenical_altar_starsandcircs,
          grunt_decor_arrowhead, minmay_misc_feat_roman
D:3:      layout_basic, uniq_ijyb

Skill      XL: |  1  2  3  4 |
---------------+-------------+-----
Transmutations | 1 |  1.2
Earth Magic    | 4 |  4.2
Armour         | 1 |  1.2
Shields        | 1 |  1.0
Fighting       | |  0.9
Dodging        | |  1.8
Stealth        | |  2.5
Spellcasting   | |  2.2
Conjurations   | |  0.2

Action                     |  1- 3 |  4- 6 || total
---------------------------+-------+-------++-------
  Melee: Dagger            |    74 |     2 ||    76
  Throw: Throwing net      |       |     2 ||     2
   Cast: Sandblast         |    23 |    14 ||    37
   Stab: Sleeping          |     4 |       ||     4
 Armour: Robe              |    22 |     2 ||    24
  Dodge: Dodged            |    48 |     1 ||    49

Table legend: (Time is in decaauts)
 A = Elapsed time spent in this place.
 B = Non-inter-level travel time spent in this place.
 C = Inter-level travel time spent in this place.
 D = Time resting spent in this place.
 E = Time spent auto-exploring this place.
 F = Levels seen in this place.
 G = Mean time per level.
                   A        B        C        D        E       F      G
               +--------+--------+--------+--------+--------+-----+--------+
         Total |   2527 |   2416 |    111 |    100 |   1914 |   3 |  842.3 |
       Dungeon |   2527 |   2416 |    111 |    100 |   1914 |   3 |  842.3 |
               +--------+--------+--------+--------+--------+-----+--------+

Top non-repeatable levels by time:
     D:2: 1167 daAuts
     D:1: 1062 daAuts
     D:3: 297 daAuts
